TOP OF THE 1ST |
Birmingham Steeldogs batting - Pitching for Austin River Sharks : RHP José Martínez
|
Pitching: RHP José Martínez
|
|
Batting: LHB José Sánchez
|
0-0: Ball 1-0: Fly out, F8 (Popup, 89S)
|
Batting: LHB Mitchell Oglethorpe
|
0-0: Ball 1-0: Ball 2-0: Called Strike 2-1: Ball 3-1: Swinging Strike 3-2: Foul Ball, location: 2F 3-2: Foul Ball, location: 2F 3-2: Base on Balls
|
Batting: LHB Chris Miller
|
0-0: Called Strike 0-1: Called Strike 0-2: Ball 1-2: Strikes out swinging
|
Batting: LHB Arturo Molina
|
0-0: Called Strike 0-1: Ball 1-1: Called Strike 1-2: Ball 2-2: Foul Ball, location: 2F 2-2: Fly out, F7 (Flyball, 7LS)
|
Top of the 1st over - 0 run(s), 0 hit(s), 0 error(s), 1 left on base; Birmingham 0 - Austin 0 |
BOTTOM OF THE 1ST |
Austin River Sharks batting - Pitching for Birmingham Steeldogs : RHP Ramón López
|
Pitching: RHP Ramón López
|
|
Batting: RHB Clark Hodge
|
0-0: Ball 1-0: Called Strike 1-1: Foul Ball, location: 2F 1-2: Strikes out swinging
|
Batting: RHB Edouard Padovano
|
0-0: Called Strike 0-1: Ball 1-1: Fly out, F5 (Popup, 5)
|
Batting: LHB Pedro Zaragoza
|
0-0: Foul Ball, location: 2F 0-1: Fly out, F5 (Line Drive, 5)
|
Bottom of the 1st over - 0 run(s), 0 hit(s), 0 error(s), 0 left on base; Birmingham 0 - Austin 0 |
TOP OF THE 2ND |
Birmingham Steeldogs batting - Pitching for Austin River Sharks : RHP José Martínez
|
Batting: RHB Eric Johnson
|
0-0: Foul Ball, location: 2F 0-1: Ball 1-1: Ball 2-1: Called Strike 2-2: Ball 3-2: Base on Balls
|
Batting: SHB Jesús Ramírez
|
0-0: Called Strike 0-1: Ball 1-1: Foul Ball, location: 2F 1-2: Ball 2-2: Fly out, F6 (Popup, 6D)
|
Batting: LHB Ben Kelley
|
0-0: Foul Ball, location: 2F 0-1: Ball 1-1: SINGLE (Groundball, 6MD) Eric Johnson to second Runner from 2nd tries for 3rd, SAFE, throw made to third
|
Batting: RHB Raúl Soto
|
0-0: Ball 1-0: Called Strike 1-1: Foul Ball, location: 2F 1-2: Strikes out looking
|
Batting: SHB Masafumi Azuma
|
0-0: Fly out, F7 (Line Drive, 7M)
|
Top of the 2nd over - 0 run(s), 1 hit(s), 0 error(s), 2 left on base; Birmingham 0 - Austin 0 |
BOTTOM OF THE 2ND |
Austin River Sharks batting - Pitching for Birmingham Steeldogs : RHP Ramón López
|
Batting: LHB Roberto García
|
0-0: Called Strike 0-1: SINGLE (Line Drive, 3D)
|
Batting: RHB Rich Ruffin
|
0-0: Ball 1-0: Ball 2-0: Fly out, F7 (Flyball, 7D)
|
Batting: RHB Kenneth Roberts
|
0-0: Called Strike 0-1: Ball 1-1: SINGLE (Line Drive, 56D) Roberto García to second
|
Batting: SHB Juan Acevado
|
0-0: Called Strike 0-1: Ball 1-1: Ball 2-1: Foul Ball, location: 2F 2-2: Ball 3-2: Foul Ball, location: 2F 3-2: Strikes out swinging
|
Batting: RHB José Balina
|
0-0: Called Strike 0-1: Ball 1-1: Ball 2-1: Swinging Strike 2-2: Fly out, F8 (Line Drive, 8LM)
|
Bottom of the 2nd over - 0 run(s), 2 hit(s), 0 error(s), 2 left on base; Birmingham 0 - Austin 0 |
TOP OF THE 3RD |
Birmingham Steeldogs batting - Pitching for Austin River Sharks : RHP José Martínez
|
Batting: LHB José Sánchez
|
0-0: Foul Ball, location: 2F 0-1: Ball 1-1: Ball 2-1: SINGLE (Groundball, 4M)
|
Batting: LHB Mitchell Oglethorpe
|
Pickoff Throw to First - Out! 0-0: Foul Ball, location: 2F 0-1: Ball 1-1: Ground out 3-1 (Groundball, 34)
|
Batting: LHB Chris Miller
|
0-0: Ball 1-0: SINGLE (Groundball, 34D)
|
Batting: LHB Arturo Molina
|
0-0: Ball 1-0: Foul Ball, location: 2F 1-1: Foul Ball, location: 2F 1-2: Strikes out swinging
|
Top of the 3rd over - 0 run(s), 2 hit(s), 0 error(s), 1 left on base; Birmingham 0 - Austin 0 |
BOTTOM OF THE 3RD |
Austin River Sharks batting - Pitching for Birmingham Steeldogs : RHP Ramón López
|
Batting: LHB Terry Maloney
|
0-0: Called Strike 0-1: Ball 1-1: Ball 2-1: Ball 3-1: Base on Balls
|
Batting: RHB Clark Hodge
|
0-0: Called Strike 0-1: Ball 1-1: Ball 2-1: Grounds into double play, U4-3 (Groundball, 4M)
|
Batting: RHB Edouard Padovano
|
0-0: Foul Ball, location: 2F 0-1: Foul Ball, location: 2F 0-2: Ball 1-2: Ball 2-2: Strikes out swinging
|
Bottom of the 3rd over - 0 run(s), 0 hit(s), 0 error(s), 0 left on base; Birmingham 0 - Austin 0 |
TOP OF THE 4TH |
Birmingham Steeldogs batting - Pitching for Austin River Sharks : RHP José Martínez
|
Batting: RHB Eric Johnson
|
0-0: Ball 1-0: Foul Ball, location: 2F 1-1: Foul Ball, location: 2F 1-2: Ground out 6-3 (Groundball, 6M)
|
Batting: SHB Jesús Ramírez
|
0-0: Ball 1-0: Ball 2-0: Swinging Strike 2-1: Foul Ball, location: 2F 2-2: Strikes out looking
|
Batting: LHB Ben Kelley
|
0-0: Called Strike 0-1: Called Strike 0-2: Ball 1-2: Strikes out swinging
|
Top of the 4th over - 0 run(s), 0 hit(s), 0 error(s), 0 left on base; Birmingham 0 - Austin 0 |
BOTTOM OF THE 4TH |
Austin River Sharks batting - Pitching for Birmingham Steeldogs : RHP Ramón López
|
Batting: LHB Pedro Zaragoza
|
0-0: Ball 1-0: Swinging Strike 1-1: Foul Ball, location: 2F 1-2: Foul Ball, location: 2F 1-2: Strikes out swinging
|
Batting: LHB Roberto García
|
0-0: Ball 1-0: Ball 2-0: Ball 3-0: Base on Balls
|
Batting: RHB Rich Ruffin
|
0-0: Ball 1-0: Swinging Strike 1-1: Ball 2-1: Foul Ball, location: 2F 2-2: Strikes out looking
|
Batting: RHB Kenneth Roberts
|
0-0: Ball 1-0: Foul Ball, location: 2F 1-1: Foul Ball, location: 2F 1-2: Strikes out swinging
|
Bottom of the 4th over - 0 run(s), 0 hit(s), 0 error(s), 1 left on base; Birmingham 0 - Austin 0 |
TOP OF THE 5TH |
Birmingham Steeldogs batting - Pitching for Austin River Sharks : RHP José Martínez
|
Batting: RHB Raúl Soto
|
0-0: Ball 1-0: Called Strike 1-1: Ground out 5-3 (Groundball, 56)
|
Batting: SHB Masafumi Azuma
|
0-0: Ball 1-0: Foul Ball, location: 2F 1-1: Ball 2-1: Swinging Strike 2-2: Foul Ball, location: 2F 2-2: SINGLE (Line Drive, 89S)
|
Batting: LHB José Sánchez
|
0-0: Ball 1-0: Swinging Strike 1-1: Ball 2-1: Ball 3-1: Fly out, F8 (Line Drive, 8RM)
|
Batting: LHB Mitchell Oglethorpe
|
0-0: Ball Masafumi Azuma is caught stealing 2nd base
|
Top of the 5th over - 0 run(s), 1 hit(s), 0 error(s), 0 left on base; Birmingham 0 - Austin 0 |
BOTTOM OF THE 5TH |
Austin River Sharks batting - Pitching for Birmingham Steeldogs : RHP Ramón López
|
Batting: SHB Juan Acevado
|
0-0: Foul Ball, location: 2F 0-1: Ball 1-1: Ball 2-1: Ball 3-1: Called Strike 3-2: Foul Ball, location: 2F 3-2: Ground out 4-3 (Groundball, 4)
|
Batting: RHB José Balina
|
0-0: Ball 1-0: Ball 2-0: Called Strike 2-1: Foul Ball, location: 2F 2-2: Ball 3-2: Strikes out swinging
|
Batting: LHB Terry Maloney
|
0-0: Called Strike 0-1: Foul Ball, location: 2F 0-2: TRIPLE (Flyball, 78XD)
|
Batting: RHB Clark Hodge
|
0-0: Called Strike 0-1: Ball 1-1: Ball 2-1: Called Strike 2-2: Strikes out swinging
|
Bottom of the 5th over - 0 run(s), 1 hit(s), 0 error(s), 1 left on base; Birmingham 0 - Austin 0 |
TOP OF THE 6TH |
Birmingham Steeldogs batting - Pitching for Austin River Sharks : RHP José Martínez
|
Batting: LHB Mitchell Oglethorpe
|
0-0: Called Strike 0-1: Swinging Strike 0-2: Foul Ball, location: 2F 0-2: Ball 1-2: Foul Ball, location: 2F 1-2: Foul Ball, location: 2F 1-2: Ball 2-2: Strikes out swinging
|
Batting: LHB Chris Miller
|
0-0: Ball 1-0: Foul Ball, location: 2F 1-1: Foul Ball, location: 2F 1-2: Foul Ball, location: 2F 1-2: Foul Ball, location: 2F 1-2: Strikes out looking
|
Batting: LHB Arturo Molina
|
0-0: Swinging Strike 0-1: Foul Ball, location: 2F 0-2: Ball 1-2: Fly out, F7 (Flyball, 7D)
|
Top of the 6th over - 0 run(s), 0 hit(s), 0 error(s), 0 left on base; Birmingham 0 - Austin 0 |
BOTTOM OF THE 6TH |
Austin River Sharks batting - Pitching for Birmingham Steeldogs : RHP Ramón López
|
Batting: RHB Edouard Padovano
|
0-0: Ball 1-0: Ball 2-0: Ball 3-0: Swinging Strike 3-1: Base on Balls
|
Batting: LHB Pedro Zaragoza
|
Pickoff Throw to First - Out! 0-0: Called Strike 0-1: Foul Ball, location: 2F 0-2: Fly out, F8 (Flyball, 89D)
|
Batting: LHB Roberto García
|
0-0: Ball 1-0: Ground out 4-3 (Groundball, 4)
|
Bottom of the 6th over - 0 run(s), 0 hit(s), 0 error(s), 0 left on base; Birmingham 0 - Austin 0 |
TOP OF THE 7TH |
Birmingham Steeldogs batting - Pitching for Austin River Sharks : RHP José Martínez
|
Batting: RHB Eric Johnson
|
0-0: Ball 1-0: Reached on error, E5 (Groundball, 5)
|
Batting: SHB Jesús Ramírez
|
0-0: Ball 1-0: Sac Bunt - play at second, runner OUT! 1-6
|
Batting: LHB Ben Kelley
|
0-0: Ball 1-0: Fly out, F8 (Flyball, 8LS)
|
Batting: RHB Raúl Soto
|
0-0: Foul Ball, location: 2F 0-1: Ball Wild Pitch! Jesús Ramírez to second 1-1: SINGLE (Line Drive, 6MD) Jesús Ramírez to third
|
Pitching: RHP Armen Boyajian
|
|
Batting: SHB Masafumi Azuma
|
0-0: Ball 1-0: DOUBLE (Flyball, 8LM) Jesús Ramírez scores Raúl Soto to third Runner from 3rd tries for Home, SAFE, no throw or cutoff
|
Batting: LHB José Sánchez
|
0-0: Called Strike 0-1: Ball Wild Pitch! Masafumi Azuma to third 1-1: Foul Ball, location: 2F 1-2: Foul Ball, location: 2F 1-2: Ground out 4-3 (Groundball, 34)
|
Top of the 7th over - 2 run(s), 2 hit(s), 1 error(s), 1 left on base; Birmingham 2 - Austin 0 |
BOTTOM OF THE 7TH |
Austin River Sharks batting - Pitching for Birmingham Steeldogs : RHP Ramón López
|
Batting: RHB Rich Ruffin
|
0-0: Ball 1-0: Ball 2-0: Ball 3-0: Base on Balls
|
Batting: RHB Kenneth Roberts
|
0-0: SINGLE (Flyball, 78S) Rich Ruffin to second
|
Batting: SHB Juan Acevado
|
0-0: Sac Bunt - play at first, batter OUT! 1-3 Rich Ruffin to third Kenneth Roberts to second
|
Batting: RHB José Balina
|
0-0: Ball 1-0: Ball 2-0: Swinging Strike 2-1: Called Strike 2-2: Ball 3-2: Strikes out swinging
|
Batting: LHB Terry Maloney
|
0-0: Ball 1-0: Ball 2-0: Called Strike 2-1: Foul Ball, location: 2F 2-2: Ball Wild Pitch! Rich Ruffin scores Kenneth Roberts to third 3-2: Foul Ball, location: 2F 3-2: Fly out, F7 (Flyball, 8LD)
|
Bottom of the 7th over - 1 run(s), 1 hit(s), 0 error(s), 1 left on base; Birmingham 2 - Austin 1 |
TOP OF THE 8TH |
Birmingham Steeldogs batting - Pitching for Austin River Sharks : RHP Armen Boyajian
|
Batting: LHB Mitchell Oglethorpe
|
0-0: Called Strike 0-1: Ball 1-1: Ground out U3 (Groundball, 3S)
|
Batting: LHB Chris Miller
|
0-0: Called Strike 0-1: Foul Ball, location: 2F 0-2: Fly out, F7 (Flyball, 78M)
|
Batting: LHB Arturo Molina
|
0-0: SOLO HOME RUN (Flyball, 9LD), Distance : 361 ft
|
Batting: RHB Eric Johnson
|
0-0: Foul Ball, location: 2F 0-1: Ball 1-1: Hit by Pitch
|
Batting: SHB Jesús Ramírez
|
0-0: Foul Ball, location: 2F 0-1: Ball 1-1: Ball Eric Johnson steals 2nd base 2-1: Foul Ball, location: 2F 2-2: Ball 3-2: Base on Balls
|
Batting: LHB Ben Kelley
|
0-0: Called Strike 0-1: Foul Ball, location: 2F 0-2: SINGLE (Line Drive, 8RS) Eric Johnson to third Jesús Ramírez to second Runner from 3rd tries for Home, SAFE, throw made home
|
Batting: RHB Raúl Soto
|
0-0: Ball 1-0: Foul Ball, location: 2F 1-1: Called Strike 1-2: Strikes out looking
|
Top of the 8th over - 2 run(s), 2 hit(s), 0 error(s), 2 left on base; Birmingham 4 - Austin 1 |
BOTTOM OF THE 8TH |
Austin River Sharks batting - Pitching for Birmingham Steeldogs : RHP Ramón López
|
Pitching: LHP Juan Fuentes
|
|
Now in CF: John Haney
|
|
Batting: RHB Clark Hodge
|
0-0: Ball 1-0: Ball 2-0: Ball 3-0: Base on Balls
|
Pitching: RHP Víctor Reyes
|
|
Batting: RHB Edouard Padovano
|
0-0: Called Strike 0-1: Ball 1-1: Swinging Strike 1-2: Ball 2-2: Ball 3-2: Foul Ball, location: 2F 3-2: Strikes out swinging Clark Hodge steals 2nd base Batter strikes out.
|
Batting: LHB Pedro Zaragoza
|
0-0: Ball 1-0: Foul Ball, location: 2F 1-1: Called Strike 1-2: Ball 2-2: Ball 3-2: Ground out 5-3 (Groundball, 15S) Clark Hodge to third
|
Batting: LHB Roberto García
|
0-0: Ball 1-0: Swinging Strike 1-1: Ground out 5-3 (Groundball, 56)
|
Bottom of the 8th over - 0 run(s), 0 hit(s), 0 error(s), 1 left on base; Birmingham 4 - Austin 1 |
TOP OF THE 9TH |
Birmingham Steeldogs batting - Pitching for Austin River Sharks : RHP Armen Boyajian
|
Pitching: LHP Miguel Martínez
|
|
Batting: SHB Masafumi Azuma
|
0-0: Ball 1-0: Ground out 2-3 (Groundball, 2R)
|
Batting: LHB José Sánchez
|
0-0: Foul Ball, location: 2F 0-1: Foul Ball, location: 2F 0-2: Ball 1-2: Ground out 3-1 (Groundball, 34)
|
Batting: LHB Mitchell Oglethorpe
|
0-0: Foul Ball, location: 2F 0-1: SINGLE (Line Drive, 89S)
|
Batting: LHB Chris Miller
|
0-0: Ball 1-0: Ground out 1-3 (Groundball, 13S)
|
Top of the 9th over - 0 run(s), 1 hit(s), 0 error(s), 1 left on base; Birmingham 4 - Austin 1 |
BOTTOM OF THE 9TH |
Austin River Sharks batting - Pitching for Birmingham Steeldogs : RHP Víctor Reyes
|
Pitching: RHP David Simpson
|
|
Batting: RHB Rich Ruffin
|
0-0: Called Strike 0-1: Swinging Strike 0-2: Ball 1-2: Ball 2-2: Strikes out swinging
|
Batting: RHB Kenneth Roberts
|
0-0: Ball 1-0: Called Strike 1-1: Ball 2-1: Ball 3-1: SINGLE (Groundball, 56D) (infield hit)
|
Batting: SHB Juan Acevado
|
0-0: Ball 1-0: Swinging Strike 1-1: Ball 2-1: Called Strike 2-2: Fly out, F9 (Line Drive, 9D)
|
Batting: RHB José Balina
|
0-0: Called Strike 0-1: Swinging Strike 0-2: Ball 1-2: Strikes out swinging
|
Bottom of the 9th over - 0 run(s), 1 hit(s), 0 error(s), 1 left on base; Birmingham 4 - Austin 1 |
|